 Dungeon Sprint DCSS version 0.17-a0-1572-g7a1422d (console) character file.

3619 FIQ the Bludgeoner (level 10, -4/124 HPs)
             Began as an Ogre Wanderer on July 26, 2015.
             Was an Elder of Okawaru.
             Slain by a giant leech (23 damage)
             ... in the Dungeon (Sprint IX: "|||||||||||||||||||||||||||||").
             The game lasted 00:06:02 (814 turns).

FIQ the Bludgeoner (Ogre Wanderer)                   Turns: 814, Time: 00:06:02

Health: -4/124     AC:  6    Str: 16    XL:     10   Next: 11%
Magic:  12/14      EV: 27    Int: 17    God:    Okawaru [****..]
Gold:   0          SH:  0    Dex: 17    Spells: 0 memorised, 9 levels left

rFire  + . .     SeeInvis .     a - +0 giant spiked club
rCold  + . .     Clarity  .     c - +0 robe
rNeg   . . .     SustAt   .     (no shield)
rPois  +         Gourm    .     (helmet restricted)
rElec  +         Spirit   .     q - +0 cloak
rCorr  +         Warding  .     (gloves unavailable)
rMut   .         NoTele   +     (boots unavailable)
MR     +....                    (no amulet)
Stlth  +++.......               o - +3 ring of intelligence
                                p - +2 ring of protection

@: agile, resistant, heroism, somewhat resistant to hostile enchantments, fairly
stealthy
A: unfitting armour, tough skin 1
a: Heroism, Renounce Religion


You were in the Dungeon.
You worshipped Okawaru.
Okawaru was greatly pleased with you.
You were not hungry.

You visited 1 branch

Inventory:

Hand weapons
 a - a +0 giant spiked club (weapon)
 e - a +0 giant club
Missiles
 h - 3 large rocks (quivered)
Armour
 c - a +0 robe (worn)
 q - a +0 cloak (worn)
Jewellery
 o - a +3 ring of intelligence (right hand)
 p - a +2 ring of protection (left hand)
Magical devices
 n - a wand of draining (7)
 s - a wand of frost (18)
Scrolls
 i - 3 scrolls of blinking
 l - 3 scrolls of remove curse
 m - 2 scrolls of amnesia
 t - 2 scrolls of enchant weapon
 u - 2 scrolls of identify
 v - a scroll of recharging
Potions
 b - 10 potions of curing
 g - 4 potions of magic
 j - 2 potions of resistance
 r - a potion of agility
Comestibles
 d - a bread ration
 f - 6 chunks of flesh


   Skills:
 + Level 15.1(20.1) Fighting
   Level 1.3(11.8) Axes
 + Level 16.6(21.6) Maces & Flails
 + Level 12.5(17.5) Dodging
   Level 1.0(6.0) Shields
 + Level 5.3 Invocations
 - Level 1.0 Evocations


You had 9 spell levels left.
You didn't know any spells.

Dungeon Overview and Level Annotations

Branches:
Dungeon (1/1)

Altars:
Cheibriados
Dithmenos
Elyvilon
Fedhas
Gozag
Kikubaaqudgha
Makhleb
Nemelex Xobeh
Okawaru
Qazlal
Ru
Sif Muna
Trog
Vehumet
Xom
Yredelemnul
Zin
The Shining One
Beogh
Jiyva
Lugonu


Innate Abilities, Weirdness & Mutations

You are too large for most types of armour.
You have tough skin (AC +1).


Message History

* * * LOW HITPOINT WARNING * * *
You barely miss the giant leech. The giant leech bites you!!
* * * LOW HITPOINT WARNING * * *
Drink which item? (? for menu, Esc to quit)
You feel much better.
You barely miss the giant leech. The giant leech completely misses you.
You impale the giant leech!!
The giant leech is heavily wounded.
The giant leech closely misses you.
You hit the giant leech but do no damage.
The giant leech is heavily wounded.
You miss the giant leech.
The giant leech is heavily wounded.
The giant leech bites you!
* * * LOW HITPOINT WARNING * * *
The giant leech draws strength from your injuries!
You closely miss the giant leech.
The giant leech is moderately wounded.
The giant leech bites you!!
You die...

▓▓▓▓▓▓▓▓▓▓▓▓▓▓▓▓▓▓▓▓▓▓▓▓▓▓▓▓▓▓▓▓▓
_______________'..|)[.[.))).(...(
▓▓▓▓▓▓▓▓▓▓▓▓▓▓▓▓▓▓▓▓▓▓▓▓▓▓▓▓▓▓▓▓▓
.................................
▓▓▓▓▓▓▓▓▓▓▓▓▓▓▓▓▓▓▓▓▓▓▓▓▓▓▓▓▓▓▓▓▓
.......%........@wFwwFyF
▓▓▓▓▓▓▓▓▓▓▓▓▓▓▓▓▓▓▓▓▓▓▓▓


You could see 3 giant leeches, a spiny frog, a vampire mosquito and 2 giant
frogs.

Vanquished Creatures
  A cyclops (D)
  An elephant (D)
  4 spiny frogs (D)
  A blink frog (D)
  2 yaks (D)
  A porcupine (D)
  3 ogres (D)
  3 water moccasins (D)
  An ice beast (D)
  An eye of draining (D)
  A crocodile (D)
  3 giant frogs (D)
  A quasit (D)
  A crimson imp (D)
  An iguana (D)
  A river rat (D)
  2 orcs (D)
  A bat zombie (D)
  A giant cockroach (D)
  A goblin (D)
  A giant newt (D)
  3 kobolds (D)
  A rat (D)
36 creatures vanquished.

Vanquished Creatures (others)
  A centaur warrior (D)
  A gargoyle (D)
  A scorpion (D)
  An orc (D)
4 creatures vanquished.

Grand Total: 40 creatures vanquished

Notes
Turn   | Place    | Note
--------------------------------------------------------------
     0 | D        | FIQ the Ogre Wanderer began the quest for the Orb.
     0 | D        | FIQ set off with: a +2 hand axe, 3 potions of curing, a +0 robe, a bread ration, a potion of heal wounds, a potion of haste, 2 potions of magic, a potion of berserk rage, a scroll of blinking
     0 | D        | Reached XP level 1. HP: 27/27 MP: 1/1
    21 | D        | Reached skill level 6 in Fighting
    34 | D        | Noticed an ice beast
    34 | D        | Noticed an ogre
    39 | D        | Killed an ice beast
    39 | D        | Reached skill level 9 in Fighting
    39 | D        | Reached skill level 5 in Dodging
    39 | D        | Reached XP level 2. HP: 21/45 MP: 2/2
    39 | D        | Reached XP level 3. HP: 24/53 MP: 3/3
    39 | D        | Reached XP level 4. HP: 27/61 MP: 4/4
    43 | D        | Killed an ogre
    43 | D        | Reached skill level 11 in Fighting
    43 | D        | Reached XP level 5. HP: 12/72 MP: 5/5
    71 | D        | Found a glowing silver altar of Zin.
    71 | D        | Found a glowing golden altar of the Shining One.
    71 | D        | Found an ancient bone altar of Kikubaaqudgha.
    71 | D        | Found a basalt altar of Yredelemnul.
    71 | D        | Found a shimmering altar of Xom.
    71 | D        | Found a radiant altar of Vehumet.
    72 | D        | Found an iron altar of Okawaru.
    73 | D        | Found a burning altar of Makhleb.
    74 | D        | Found a deep blue altar of Sif Muna.
    75 | D        | Found a bloodstained altar of Trog.
    76 | D        | Found a sparkling altar of Nemelex Xobeh.
    77 | D        | Found a white marble altar of Elyvilon.
    78 | D        | Found a roughly hewn altar of Beogh.
    79 | D        | Found a viscous altar of Jiyva.
    80 | D        | Became a worshipper of Warmaster Okawaru
    81 | D        | Found a corrupted altar of Lugonu.
    82 | D        | Found a blossoming altar of Fedhas.
    83 | D        | Found a snail-covered altar of Cheibriados.
    84 | D        | Found a shadowy altar of Dithmenos.
    85 | D        | Found a stormy altar of Qazlal.
    86 | D        | Found an opulent altar of Gozag.
    87 | D        | Found a sacrificial altar of Ru.
   356 | D        | Noticed an ogre
   356 | D        | Noticed a crimson imp
   356 | D        | Noticed an ogre
   356 | D        | Noticed a quasit
   363 | D        | Killed an ogre
   363 | D        | Reached skill level 5 in Maces & Flails
   363 | D        | Reached XP level 6. HP: 65/80 MP: 6/6
   365 | D        | Killed a crimson imp
   371 | D        | Killed an ogre
   376 | D        | Killed a quasit
   376 | D        | Reached XP level 7. HP: 67/88 MP: 7/7
   395 | D        | Noticed an eye of draining
   395 | D        | Noticed a scorpion
   395 | D        | Noticed a gargoyle
   395 | D        | Noticed a centaur warrior
   395 | D        | Noticed a cyclops
   403 | D        | Killed an eye of draining
   403 | D        | Acquired Okawaru's first power
   403 | D        | Reached skill level 10 in Maces & Flails
   408 | D        | Killed a gargoyle
   409 | D        | Killed a scorpion
   414 | D        | Killed a centaur warrior
   420 | D        | Killed a cyclops
   420 | D        | Reached skill level 13 in Maces & Flails
   420 | D        | Reached skill level 10 in Dodging
   420 | D        | Reached XP level 8. HP: 66/97 MP: 2/8
   547 | D        | Noticed a yak
   547 | D        | Noticed a blink frog
   547 | D        | Noticed a giant frog
   547 | D        | Noticed an iguana
   547 | D        | Noticed a porcupine
   547 | D        | Noticed a water moccasin
   550 | D        | Killed a yak
   552 | D        | Noticed a spiny frog
   553 | D        | Noticed a spiny frog
   555 | D        | Killed a blink frog
   555 | D        | Reached skill level 14 in Maces & Flails
   556 | D        | Noticed a crocodile
   558 | D        | Killed a giant frog
   559 | D        | Killed an iguana
   560 | D        | Killed a porcupine
   566 | D        | Killed a water moccasin
   571 | D        | Killed a spiny frog
   571 | D        | Reached skill level 15 in Maces & Flails
   571 | D        | Reached XP level 9. HP: 67/110 MP: 9/9
   573 | D        | Killed a spiny frog
   576 | D        | Killed a crocodile
   751 | D        | Noticed a yak
   751 | D        | Noticed a giant frog
   751 | D        | Noticed an elephant
   751 | D        | Noticed a giant frog
   751 | D        | Noticed a water moccasin
   753 | D        | Killed a yak
   753 | D        | Reached skill level 1 in Invocations
   754 | D        | Noticed a spiny frog
   754 | D        | Killed a giant frog
   755 | D        | Noticed a spiny frog
   756 | D        | Noticed a water moccasin
   761 | D        | Killed an elephant
   761 | D        | Reached skill level 16 in Maces & Flails
   766 | D        | Killed a giant frog
   773 | D        | Killed a water moccasin
   776 | D        | Killed a spiny frog
   778 | D        | Killed a spiny frog
   778 | D        | Reached skill level 15 in Fighting
   778 | D        | Reached skill level 5 in Invocations
   778 | D        | Reached XP level 10. HP: 79/124 MP: 9/13
   780 | D        | Killed a water moccasin
   780 | D        | Acquired Okawaru's second power
   798 | D        | Noticed a giant leech
   798 | D        | Noticed a spiny frog
   798 | D        | Noticed a giant leech
   798 | D        | Noticed a giant leech
   798 | D        | Noticed a giant frog
   798 | D        | Noticed a vampire mosquito
   802 | D        | Noticed a giant frog
   805 | D        | Noticed a spiny frog
   814 | D        | Slain by a giant leech

Vault maps used:
D:        linesprint

Action                   |  1- 3 |  4- 6 |  7- 9 | 10-12 || total
-------------------------+-------+-------+-------+-------++-------
Melee: Hand axe          |    22 |    18 |       |       ||    40
       Giant club        |       |    18 |       |       ||    18
       Giant spiked club |       |       |    71 |    13 ||    84
Invok: Heroism           |       |       |     2 |     1 ||     3
  Use: Potion            |     1 |     2 |     1 |     4 ||     8
 Stab: Invisible         |       |       |     1 |       ||     1
  Eat: Chunk             |       |       |     1 |       ||     1
